 Dungeon Crawl Stone Soup version 0.25.1-2-g60ff931df9 (webtiles) character file.

Game seed: 4985505130558509339

12928 zeroc00l the Grappler (level 11, -1/107 HPs)
             Began as a Troll Transmuter on Oct 4, 2020.
             Was an Elder of Makhleb.
             Slain by a seven-headed hydra (12 damage)
             ... on level 12 of the Dungeon.
             The game lasted 00:44:53 (10174 turns).

zeroc00l the Grappler (Troll Transmuter)           Turns: 10174, Time: 00:44:55

Health: -1/107     AC: 11    Str: 26    XL:     11   Next: 68%
Magic:  5/14       EV: 12    Int: 12    God:    Makhleb [****..]
Gold:   924        SH:  0    Dex: 10    Spells: 0/16 levels left

rFire    + . .     SeeInvis .     - Unarmed
rCold    + . .     Gourm    +   (shield currently unavailable)
rNeg     . . .     Faith    .   I - +2 robe {rC+ rF+}
rPois    .         Spirit   .   (helmet restricted)
rElec    .         Reflect  .   z - +2 cloak
rCorr    .         Harm     .   (gloves unavailable)
MR       .....                  (boots unavailable)
Stlth    +.........             (no amulet)
HPRegen  0.67/turn              c - +4 ring of slaying
MPRegen  0.14/turn              f - +6 ring of strength

@: blade hands
A: large, unfitting armour, claws 3, fast metabolism 3, gourmand, regeneration
1, shaggy fur 1, tough skin 3
a: End Transformation, Minor Destruction, Lesser Servant of Makhleb, Major
Destruction, Renounce Religion


You were on level 12 of the Dungeon.
You worshipped Makhleb.
Makhleb was greatly pleased with you.
You were very full.
You had blades for hands.
You visited 3 branches of the dungeon, and saw 14 of its levels.
You also visited: Sewer.

You collected 946 gold pieces.
You spent 22 gold pieces at shops.

Inventory:

Hand Weapons
 b - a +0 hand crossbow
Missiles
 a - 293 arrows
 j - 5 silver boomerangs
 t - 23 boomerangs (quivered)
 w - 48 bolts
 B - 2 curare-tipped darts
Armour
 z - a +2 cloak (worn)
 I - a +2 robe of resistance (worn)
Jewellery
 c - a +4 ring of slaying (left scythe-like blade)
 f - a +6 ring of strength (right scythe-like blade)
 p - an uncursed ring of ice
 s - an uncursed ring of see invisible
 y - an uncursed ring of fire
Wands
 g - a wand of polymorph (4)
 x - a wand of iceblast (6)
 F - a wand of flame (37)
Scrolls
 k - a scroll of holy word
 l - 6 scrolls of teleportation
 m - 3 scrolls of enchant armour
 n - a scroll of blinking
 u - 4 scrolls of remove curse
 v - 2 scrolls of amnesia
 A - a scroll of brand weapon
 G - a scroll of torment
 H - 2 scrolls of identify
 J - a scroll of fear {unknown}
Potions
 e - 2 potions of heal wounds
 h - 5 potions of degeneration {unknown}
 i - 2 potions of haste {unknown}
 o - 6 potions of cancellation {unknown}
 q - 7 potions of curing {unknown}
 r - a potion of lignification {unknown}
 C - a potion of invisibility {unknown}
 D - a potion of brilliance {unknown}
 E - a potion of ambrosia {unknown}
Comestibles
 d - 31 rations
 K - a chunk of flesh


   Skills:
 + Level 6.8 Fighting
 + Level 7.0 Dodging
 + Level 9.9 Unarmed Combat
 - Level 3.0 Spellcasting
 - Level 3.1 Translocations
 - Level 5.0 Transmutations
 - Level 3.0 Poison Magic
 * Level 5.8 Invocations


You couldn't memorise any spells.
You knew the following spells:

 Your Spells              Type           Power        Failure   Level  Hunger
a - Beastly Appendage     Tmut           ##....       26%         1    #......
b - Spider Form           Tmut/Pois      ##........   54%         3    ###....
c - Blade Hands           Tmut           ##........   94%         5    ######.
d - Blink                 Tloc           N/A          45%         2    ###....
e - Sticks to Snakes      Tmut           ##......     32%         2    ###....
f - Mephitic Cloud        Conj/Pois/Air  #.......     83%         3    ###....

Your spell library contained the following spells:

 Spells                   Type           Power        Failure   Level  Hunger
 Magic Dart               Conj           #...         67%         1    #......
 Summon Butterflies       Summ           #.......     67%         1    #......
 Call Imp                 Summ           #.......     78%         2    ###....
 Slow                     Hex            #.......     78%         2    ###....
 Call Canine Familiar     Summ           #.......     91%         3    ###....
 Conjure Flame            Conj/Fire      #.......     91%         3    ###....
 Ice Form                 Ice/Tmut       #.......     94%         4    #####..
 Summon Ice Beast         Ice/Summ       #.......     99%         4    #####..
 Summon Mana Viper        Hex/Summ       #.......     100%        5    ######.
 Summon Hydra             Summ           #.........   100%        7    #######


Dungeon Overview and Level Annotations

Branches:
Dungeon (12/15)            Temple (1/1) D:5            Lair (1/6) D:11
    Orc (0/2) D:9           Sewer (visited)

Altars:
Cheibriados
Kikubaaqudgha
Makhleb
Qazlal
Ru
Sif Muna
Trog
Vehumet
Xom
The Shining One

Shops:
D:7 *

Annotations:
D:9 3 runed translucent doors, LardOfLeggins's ghost, novice DsFi; axecop's ghost, novice CeAK
D:11 exclusion: downstairs


Innate Abilities, Weirdness & Mutations

You are too large for most types of armour.
You have claws for hands.
Your metabolism is lightning-fast.
You like to eat raw meat.
Your natural rate of healing is unusually fast.
You are covered in fur. (AC +1)
You have extremely tough skin. (AC +3)


Message History

* * * LOW HITPOINT WARNING * * *
The six-headed hydra bites you.
* * * LOW HITPOINT WARNING * * *
The six-headed hydra barely misses you.
The six-headed hydra bites you but does no damage.
The six-headed hydra barely misses you.
You chop one of the six-headed hydra's heads off!
The five-headed hydra grows two more!
You slice the seven-headed hydra!!
The seven-headed hydra is severely wounded.
The seven-headed hydra bites you but does no damage.
The seven-headed hydra bites you.
* * * LOW HITPOINT WARNING * * *
The seven-headed hydra bites you!
* * * LOW HITPOINT WARNING * * *
The seven-headed hydra barely misses you.
The seven-headed hydra bites you but does no damage.
The seven-headed hydra bites you.
* * * LOW HITPOINT WARNING * * *
The seven-headed hydra bites you!
You die...

...###....###..P..≈DP#
...# ####..##...%.P)≈#
...# ##.##..%...≈P#
#### #..#.≈.≈(≈PP# ###
#######K##### ..# #(#
#.### #K# ....# #D#
....# #@# ....#
#.####### ....#
#####........ ....#
#####.<......####
..).####))...########
....##...#####
....)..### ....####
#####


You could see a seven-headed hydra and 2 big kobolds.

Vanquished Creatures
  Erica (D:11)
  4 two-headed ogres
  A deep elf mage (D:12)
  A manticore (D:11)
  An ugly thing (D:11)
  2 trolls
  The ghost of Snicker the Sneak, an amateur DsAs of Gozag (D:5)
  A dream sheep (D:12)
  2 hippogriffs
  A wyvern (D:6)
  12 yaks
  2 wargs (D:9)
  A water moccasin (D:11)
  Duvessa (D:7)
  3 ice beasts
  A black bear (D:10)
  A phantom (D:7)
  3 sky beasts
  An ogre (D:10)
  6 orc warriors
  6 centaurs
  A crocodile (Sewer)
  2 big kobolds
  3 bullfrogs
  Dowan (D:7)
  3 scorpions
  12 wights
  A howler monkey (D:4)
  8 crimson imps
  2 quasits
  4 hounds
  2 centaur zombies
  A jelly (D:12)
  6 orc priests
  A bullfrog skeleton (D:9)
  2 centaur skeletons
  14 orc wizards
  4 iguanas
  Crazy Yiuf (D:5)
  Ijyb (D:5)
  7 worker ants
  A worker ant zombie (D:6)
  8 gnolls
  A howler monkey skeleton (D:5)
  19 adders
  A river rat (D:3)
  3 shadow imps
  A white imp (D:5)
  2 howler monkey simulacra (D:5)
  An ooze (D:1)
  2 adder zombies
  2 adder skeletons (D:4)
  7 worms
  2 dart slugs
  10 leopard geckos
  47 orcs
  9 bats
  8 giant cockroaches
  8 goblins
  7 hobgoblins
  18 jackals
  21 kobolds
  5 quokkas
  4 ball pythons
  4 frilled lizards
  A jackal skeleton (D:8)
  4 leopard gecko simulacra (D:5)
  A quokka simulacrum (D:5)
  7 rats
332 creatures vanquished.

Vanquished Creatures (collateral kills)
  4 orcs (D:5)
4 creatures vanquished.

Grand Total: 336 creatures vanquished

Notes
Turn   | Place    | Note
-------+----------+-------------------------------------------
     0 | D:1      | zeroc00l the Troll Transmuter began the quest for the Orb.
     0 | D:1      | Reached XP level 1. HP: 18/18 MP: 1/1
   204 | D:1      | Reached XP level 2. HP: 25/26 MP: 0/2
   206 | D:1      | Reached skill level 1 in Fighting
   681 | D:1      | Reached XP level 3. HP: 33/33 MP: 4/4
  1061 | D:2      | Learned a level 3 spell: Spider Form
  1299 | D:2      | Reached XP level 4. HP: 41/41 MP: 5/5
  1790 | D:3      | Reached skill level 4 in Unarmed Combat
  1836 | D:3      | Found a bloodstained altar of Trog.
  1854 | D:3      | Learned a level 2 spell: Call Imp
  1908 | D:3      | Reached XP level 5. HP: 46/48 MP: 6/6
  1945 | D:3      | Found a glowing drain.
  1953 | Sewer    | Entered a sewer
  2023 | Sewer    | Noticed a crocodile
  2032 | Sewer    | Killed a crocodile
  2138 | D:3      | Reached XP level 6. HP: 57/57 MP: 5/7
  2409 | D:3      | Noticed an ice beast
  2421 | D:3      | Killed an ice beast
  2421 | D:3      | Reached skill level 5 in Unarmed Combat
  2495 | D:3      | You fall into a shaft and drop 1 floor!
  2654 | D:3      | You fall into a shaft and drop 1 floor!
  2668 | D:4      | Found a radiant altar of Vehumet.
  2713 | D:4      | Reached XP level 7. HP: 66/66 MP: 7/9
  2772 | D:4      | Learned a level 2 spell: Blink
  3352 | D:5      | Entered Level 5 of the Dungeon
  3380 | D:5      | Found a runed translucent gate.
  3380 | D:5      | Found a runed translucent gate.
  3380 | D:5      | Found a runed translucent gate.
  3385 | D:5      | Reached skill level 6 in Unarmed Combat
  3417 | D:5      | Learned a level 2 spell: Sticks to Snakes
  3512 | D:5      | Noticed Snicker's ghost (amateur DsAs)
  3622 | D:5      | Reached XP level 8. HP: 75/75 MP: 8/10
  3668 | D:5      | Noticed Ijyb
  3675 | D:5      | Killed Ijyb
  3848 | D:5      | Found a staircase to the Ecumenical Temple.
  3854 | Temple   | Entered the Ecumenical Temple
  3869 | Temple   | Became a worshipper of Makhleb the Destroyer
  4195 | D:5      | Found a runed translucent door.
  4196 | D:5      | Noticed Crazy Yiuf
  4404 | D:5      | HP: 2/75 [Snicker's ghost (20)]
  4409 | D:5      | Killed Snicker's ghost
  4642 | D:5      | Killed Crazy Yiuf
  4767 | D:6      | Reached skill level 7 in Unarmed Combat
  4816 | D:6      | Learned a level 3 spell: Mephitic Cloud
  4946 | D:6      | Reached * piety under Makhleb
  5044 | D:6      | Reached XP level 9. HP: 84/84 MP: 12/12
  5074 | D:6      | You fall into a shaft and drop 1 floor!
  5147 | D:7      | Reached skill level 1 in Translocations
  5154 | D:7      | Reached skill level 1 in Poison Magic
  5162 | D:7      | Noticed Dowan
  5164 | D:7      | Noticed Duvessa
  5170 | D:7      | Killed Dowan
  5175 | D:7      | Killed Duvessa
  5207 | D:7      | Found Kucwag's General Store.
  5339 | D:7      | Reached ** piety under Makhleb
  5470 | D:7      | Reached skill level 8 in Unarmed Combat
  5748 | D:7      | Bought a scroll of identify for 22 gold pieces
  5804 | D:7      | Found a burning altar of Makhleb.
  6494 | D:8      | Noticed a two-headed ogre
  6509 | D:8      | Killed a two-headed ogre
  6509 | D:8      | Reached skill level 5 in Fighting
  6509 | D:8      | Reached skill level 5 in Dodging
  6509 | D:8      | Reached XP level 10. HP: 96/96 MP: 1/13
  6943 | D:9      | Noticed a two-headed ogre
  6951 | D:9      | Killed a two-headed ogre
  7025 | D:9      | Reached *** piety under Makhleb
  7254 | D:9      | Found a staircase to the Orcish Mines.
  7292 | D:9      | Found a shimmering blue altar of Sif Muna.
  7344 | D:9      | Found a runed translucent gate.
  7351 | D:9      | Found a runed translucent gate.
  7353 | D:9      | Found a runed translucent gate.
  7353 | D:9      | Noticed LardOfLeggins's ghost (novice DsFi)
  7353 | D:9      | Noticed axecop's ghost (novice CeAK)
  7702 | D:10     | Entered Level 10 of the Dungeon
  7766 | D:10     | Reached skill level 5 in Transmutations
  7824 | D:10     | Reached skill level 1 in Invocations
  7987 | D:10     | Reached skill level 9 in Unarmed Combat
  8322 | D:10     | Reached XP level 11. HP: 102/105 MP: 14/14
  8332 | D:10     | Learned a level 5 spell: Blade Hands
  8774 | D:11     | Noticed a two-headed ogre
  8782 | D:11     | Killed a two-headed ogre
  8978 | D:11     | Noticed Erica
  8983 | D:11     | Noticed a purple ugly thing
  8990 | D:11     | Killed Erica
  9001 | D:11     | Killed a purple ugly thing
  9094 | D:11     | Reached **** piety under Makhleb
  9264 | D:11     | Found a staircase to the Lair.
  9508 | Lair:1   | Entered Level 1 of the Lair of Beasts
  9508 | Lair:1   | Noticed a five-headed hydra
  9689 | D:12     | Noticed a deep elf mage
  9703 | D:12     | Killed a deep elf mage
  9805 | D:12     | Reached skill level 5 in Invocations
  9922 | D:12     | Noticed a two-headed ogre
  9928 | D:12     | Killed a two-headed ogre
 10159 | D:12     | Noticed a three-headed hydra
 10174 | D:12     | Slain by a seven-headed hydra

Illustrated notes

Levels and vault maps discovered:
D:1:      saegor_arrival_simple_c, layout_basic
D:2:      layout_basic, serial_glass, glass_columns_a, glass_columns_b,
          glass_columns_b, glass_columns_a, glass_columns_a, glass_columns_a,
          glass_columns_a, glass_columns_a, glass_columns_a, glass_columns_b
D:3:      minmay_chambers_of_threes, layout_basic, lightli_sewer_entry_pipes,
          trog_three_pillars_becter
D:4:      layout_rooms, lemuel_crystal_altar, first_ration
D:5:      wad_pebble_path, layout_basic, minmay_temple_entry_statues_pillars,
          gammafunk_ghost_icy, uniq_crazy_yiuf_cottage, uniq_ijyb
D:6:      layout_basic
D:7:      layout_rooms, serial_shops, nicolae_shop_waterfront,
          makhleb_heckhound_becter, uniq_duvessa
D:8:      layout_loops_cross
D:9:      layout_irregular_city, erik_orc_3, gammafunk_ghost_cemetery,
          basic_altar
D:10:     layout_loops_ring
D:11:     layout_long_grid, lair_entry_dummy, uniq_erica
D:12:     layout_roguey, hangedman_ranch [blue_anna_fruit_fields],
          uniq_josephine
Temple:   compressed_dpeg_triangle_lava_temple
Lair:1:   layout_small_grid

Skill      XL: |  1  2  3  4  5  6  7  8  9 10 11 |
---------------+----------------------------------+-----
Fighting       | 1 2 3 5 6 |  6.8
Dodging        | 2 3 4 5 6 7 |  7.0
Unarmed Combat | 4 5 6 7 8 9 |  9.9
Transmutations | 2 3 4 5 |  5.0
Spellcasting   | 2 3 |  3.0
Translocations | 2 3 |  3.1
Poison Magic   | 3 |  3.0
Invocations    | 3 5 |  5.8

Action                   |  1- 3 |  4- 6 |  7- 9 | 10-12 || total
-------------------------+-------+-------+-------+-------++-------
Melee: Unarmed           |   117 |   155 |   272 |   224 ||   768
       Kick              |     1 |     4 |     9 |    10 ||    24
       Punch             |     1 |       |     9 |    12 ||    22
       Headbutt          |       |     6 |     2 |     4 ||    12
 Fire: Hand crossbow     |       |       |     9 |   107 ||   116
Throw: Boomerang         |       |       |    54 |     8 ||    62
       Dart              |       |       |     2 |     2 ||     4
 Cast: Beastly Appendage |     2 |     9 |    14 |     6 ||    31
       Sticks to Snakes  |       |       |     5 |     2 ||     7
       Spider Form       |       |       |     2 |       ||     2
       Mephitic Cloud    |       |       |     2 |     5 ||     7
       Blink             |       |       |       |     2 ||     2
       Blade Hands       |       |       |       |     1 ||     1
Invok: Minor Destruction |       |       |       |     6 ||     6
       Lesser Servant of |       |       |       |     1 ||     1
Evoke: Wand              |       |       |     4 |    12 ||    16
  Use: Scroll            |       |     7 |     4 |     3 ||    14
       Potion            |       |       |     4 |       ||     4
 Stab: Confused          |       |       |     1 |     1 ||     2
  Eat: Chunk             |    17 |    14 |    35 |    36 ||   102
Armor: Robe              |    55 |    42 |   115 |    92 ||   304
       Skin              |       |       |     1 |       ||     1
Dodge: Dodged            |    61 |    78 |   183 |   116 ||   438
